 Dungeon Crawl Stone Soup version 0.21.1-1-g345015fe64 (webtiles) character file.

7610 Lorindel the Thaumaturge (level 10, -4/56 HPs)
             Began as a Deep Elf Wizard on Apr 23, 2018.
             Was a Priest of Sif Muna.
             Slain by an unseen horror (6 damage)
             ... on level 10 of the Dungeon on Apr 27, 2018.
             The game lasted 01:22:18 (13214 turns).

Lorindel the Thaumaturge (Deep Elf Wizard)         Turns: 13214, Time: 01:22:19

Health: -4/56      AC:  9    Str:  4    XL:     10   Next: 98%
Magic:  4/25       EV: 14    Int: 27    God:    Sif Muna [***...]
Gold:   375        SH:  0    Dex: 16    Spells: 1/28 levels left

rFire    . . .     SeeInvis .   r - staff of wizardry (curse)
rCold    . . .     Gourm    .   (no shield)
rNeg     . . .     Faith    .   j - +1 robe
rPois    .         Spirit   .   z - +0 helmet
rElec    .         Reflect  .   h - +2 cloak
rCorr    .         Harm     .   (no gloves)
MR       +....                  (no boots)
Stlth    +++.......             B - amulet of inaccuracy (curse)
HPRegen  0.18/turn              e - +3 ring of dexterity
MPRegen  0.19/turn              (no ring)

@: very slightly contaminated, studying Long Blades, heavily drained, divine
energy
A: yellow scales 1, sense surroundings 1
a: Stop Divine Energy, Channel Magic, Renounce Religion


You were on level 10 of the Dungeon.
You worshipped Sif Muna.
Sif Muna was most pleased with you.
You were not hungry.

You visited 2 branches of the dungeon, and saw 11 of its levels.

You collected 441 gold pieces.
You spent 66 gold pieces at shops.

Inventory:

Hand Weapons
 C - a +3 quarterstaff
 F - a cursed -2 flail
Armour
 h - a +2 cloak (worn)
 j - a +1 robe (worn)
 z - a +0 helmet (worn)
Magical Staves
 r - a cursed staff of wizardry (weapon)
Jewellery
 a - a +3 ring of dexterity
 e - a +3 ring of dexterity (left hand)
 g - an uncursed amulet of rage
 p - an uncursed ring of fire
 v - an uncursed amulet of harm
 B - a cursed amulet of inaccuracy (around neck)
 I - an uncursed amulet of regeneration {unknown}
Wands
 m - a wand of flame (52)
 o - a wand of paralysis (12)
 y - a wand of random effects (36)
 D - a wand of digging (5)
Scrolls
 k - a scroll of amnesia
 l - a scroll of teleportation
 t - a scroll of blinking
 w - 2 scrolls of fog
Potions
 f - 2 potions of lignification
 x - a potion of curing
 A - a potion of resistance
 E - a potion of agility
Books
 b - a book of Changes

   Spells                             Type                      Level
   a - Beastly Appendage              Transmutation                1
   b - Sticks to Snakes               Transmutation                2
   c - Spider Form                    Transmutation/Poison         3
   d - Ice Form                       Ice/Transmutation            4
   e - Blade Hands                    Transmutation                5
 c - a book of Minor Magic

   Spells                             Type                      Level
   a - Magic Dart                     Conjuration                  1
   b - Blink                          Translocation                2
   c - Call Imp                       Summoning                    2
   d - Slow                           Hexes                        2
   e - Conjure Flame                  Conjuration/Fire             3
   f - Mephitic Cloud                 Conjuration/Poison/Air       3
 n - a book of Air

   Spells                             Type                      Level
   a - Shock                          Conjuration/Air              1
   b - Swiftness                      Charms/Air                   2
   c - Static Discharge               Conjuration/Air              3
   d - Airstrike                      Air                          4
   e - Lightning Bolt                 Conjuration/Air              5
 u - a manual of Long Blades
 H - a book of Callings

   Spells                             Type                      Level
   a - Summon Small Mammal            Summoning                    1
   b - Call Imp                       Summoning                    2
   c - Call Canine Familiar           Summoning                    3
   d - Summon Guardian Golem          Hexes/Summoning              3
   e - Summon Lightning Spire         Summoning/Air                4
   f - Summon Ice Beast               Ice/Summoning                4
Comestibles
 d - 10 rations


   Skills:
 + Level 3.2(2.0) Fighting
 + Level 2.6(1.4) Staves
 + Level 5.4(4.0) Dodging
 + Level 5.9(4.5) Stealth
 * Level 9.8(8.4) Spellcasting
 * Level 5.7(4.4) Conjurations
 + Level 4.9(3.6) Hexes
 + Level 2.6(1.4) Charms
 - Level 5.1(3.8) Summonings
 - Level 5.0(3.7) Translocations
 * Level 4.4(3.1) Fire Magic
 * Level 4.7(3.4) Air Magic
 + Level 4.3(3.1) Poison Magic
 + Level 3.7(2.4) Invocations
 + Level 4.2(2.9) Evocations


You had one spell level left.
You knew the following spells:

 Your Spells              Type           Power        Failure   Level  Hunger
a - Magic Dart            Conj           ####         1%          1    None
b - Blink                 Tloc           N/A          1%          2    None
c - Call Imp              Summ           ####....     1%          2    None
d - Slow                  Hex            ####....     1%          2    None
e - Conjure Flame         Conj/Fire      ####....     1%          3    None
f - Mephitic Cloud        Conj/Pois/Air  ####....     1%          3    None
g - Lightning Bolt        Conj/Air       ####......   11%         5    ####...
h - Airstrike             Air            ####......   4%          4    ##.....
i - Static Discharge      Conj/Air       ####....     1%          3    None
j - Swiftness             Chrm/Air       ###.....     1%          2    None


Dungeon Overview and Level Annotations

Branches:
Dungeon (10/15)            Temple (1/1) D:4
   Lair: D:8-11         Orc: D:9-12

Altars:
Ashenzari
Cheibriados
Dithmenos
Elyvilon
Fedhas
Gozag
Hepliaklqana
Kikubaaqudgha
Makhleb
Nemelex Xobeh
Okawaru
Qazlal
Ru
Sif Muna
Trog
Uskayaw
Vehumet
Wu Jian
Xom
Yredelemnul
Zin
The Shining One

Shops:
D:5 [   D:9 *


Innate Abilities, Weirdness & Mutations

You are partially covered in yellow scales. (AC +2)
You passively map a small area around you.


Message History

Unknown command.
Unknown command.
Unknown command.
Unknown command.
Unknown command.
Unknown command.
Unknown command.
Unknown command.
Unknown command.
Unknown command.
Unknown command.
Unknown command.
Unknown command.
Unknown command.
Unknown command.
Unknown command.
Unknown command.
Unknown command.
Something hits you.
You die...

#.....######## # #.....#
#. #.....#
#.#######..)..#
#.............#
*####.............# ,
.......)...).....#
..............)..#
....#######[.)@..# ....#
, #...[..# ##..#,
,#......##### , ..# ,
+........... , '..#
#.o......... , , ..#
#........... ####..# , ,
#...........
......#####*#...........
........................,
*


You could see an orc.

Vanquished Creatures
  3 two-headed ogres (D:8)
  Pikel (D:5)
  The ghost of DasRunzen the Conjurer, a novice DgCj (D:5)
  A komodo dragon (D:9)
  A troll (D:8)
  2 hippogriffs
  Sigmund (D:2)
  Eustachio (D:5)
  A steam dragon (D:8)
  Edmund (D:6)
  4 sky beasts
  2 orc warriors
  A slave (D:5)
  3 phantoms
  8 ogres
  A centaur (D:8)
  A big kobold (D:8)
  5 bullfrogs
  3 scorpions
  4 wights (D:8)
  A crimson imp (D:6)
  5 bullfrog zombies
  A centaur zombie (D:7)
  2 jellies
  3 centaur skeletons
  3 hounds
  4 orc priests
  A bullfrog skeleton (D:6)
  An iguana (D:8)
  4 orc wizards
  7 worker ants
  A killer bee zombie (D:6)
  2 hound skeletons
  3 gnolls (D:9)
  2 howler monkey skeletons
  10 adders
  2 shadow imps (D:9)
  An ooze (D:1)
  An adder zombie (D:8)
  3 adder skeletons
  2 worms (D:6)
  2 dart slugs (D:5)
  7 leopard geckos
  30 orcs
  5 giant cockroaches
  4 goblins
  8 hobgoblins
  6 jackals
  9 kobolds
  2 quokkas
  9 bats
  6 frilled lizards
  A giant cockroach zombie (D:5)
  A jackal skeleton (D:4)
  A leopard gecko skeleton (D:8)
  A leopard gecko zombie (D:5)
  A quokka skeleton (D:6)
  3 rats
200 creatures vanquished.

Vanquished Creatures (collateral kills)
  The ghost of dark4128 the Twirler, an amateur DsGl (D:4)
  An ice beast (D:5)
  A vampire bat (D:3)
  2 hounds
  An iguana (D:6)
  An adder (D:8)
  A worm (D:3)
  A leopard gecko (D:8)
  3 orcs (D:4)
  A goblin (D:3)
  3 bats (D:3)
  A kobold (D:3)
17 creatures vanquished.

Vanquished Creatures (others)
  A slave (D:5)
  A plant (D:10)
2 creatures vanquished.

Grand Total: 219 creatures vanquished

Notes
Turn   | Place    | Note
-------+----------+-------------------------------------------
     0 | D:1      | Lorindel the Deep Elf Wizard began the quest for the Orb.
     0 | D:1      | Reached XP level 1. HP: 10/10 MP: 7/7
   155 | D:1      | Reached skill level 5 in Spellcasting
   167 | D:1      | Reached XP level 2. HP: 13/15 MP: 6/10
   171 | D:1      | Learned a level 2 spell: Blink
   174 | D:1      | Learned a level 2 spell: Call Imp
   177 | D:1      | Learned a level 2 spell: Slow
   813 | D:2      | Reached XP level 3. HP: 19/19 MP: 8/12
   857 | D:2      | Reached skill level 6 in Spellcasting
  1009 | D:2      | Learned a level 3 spell: Conjure Flame
  1013 | D:2      | Learned a level 3 spell: Mephitic Cloud
  1062 | D:2      | Noticed Sigmund
  1085 | D:2      | Killed Sigmund
  1085 | D:2      | Reached skill level 1 in Hexes
  1085 | D:2      | Reached XP level 4. HP: 24/24 MP: 1/14
  1085 | D:2      | Reached XP level 5. HP: 28/28 MP: 1/16
  1692 | D:3      | Reached skill level 1 in Poison Magic
  1739 | D:3      | Found a stormy altar of Qazlal.
  1740 | D:3      | Noticed a water elemental
  1742 | D:3      | Noticed an air elemental
  1742 | D:3      | Noticed a fire elemental
  1894 | D:3      | Found a white marble altar of Elyvilon.
  1928 | D:3      | Reached skill level 1 in Evocations
  1934 | D:3      | Reached skill level 1 in Fire Magic
  2012 | D:3      | Found a blossoming altar of Fedhas.
  2278 | D:3      | Reached skill level 1 in Air Magic
  2398 | D:4      | Reached XP level 6. HP: 31/33 MP: 8/17
  2491 | D:4      | Noticed dark4128's ghost (amateur DsGl)
  2518 | D:4      | Gained mutation: You passively map a small area around you. [potion of mutation]
  2518 | D:4      | Gained mutation: You are partially covered in yellow scales. (AC +2) [potion of mutation]
  2579 | D:4      | Killed dark4128's ghost
  2733 | D:4      | Reached skill level 1 in Fighting
  2859 | D:4      | Reached skill level 7 in Spellcasting
  2914 | D:4      | Reached XP level 7. HP: 28/38 MP: 6/19
  3616 | D:4      | Found a staircase to the Ecumenical Temple.
  3661 | Temple   | Entered the Ecumenical Temple
  3692 | Temple   | Became a worshipper of Sif Muna the Loreminder
  3970 | D:5      | Entered Level 5 of the Dungeon
  3974 | D:5      | Noticed DasRunzen's ghost (novice DgCj)
  3997 | D:4      | HP: 1/38 [acid (8)]
  4344 | D:5      | Noticed Eustachio
  4409 | D:5      | Killed Eustachio
  4607 | D:5      | Found Peekuabe's Antique Armour Emporium.
  4610 | D:5      | Noticed Pikel
  4619 | D:5      | Killed Pikel
  4619 | D:5      | Reached skill level 1 in Invocations
  4619 | D:5      | Reached XP level 8. HP: 37/44 MP: 8/21
  4720 | D:5      | Reached skill level 8 in Spellcasting
  4766 | D:5      | Reached * piety under Sif Muna
  4981 | D:5      | Killed DasRunzen's ghost
  4981 | D:5      | Reached skill level 5 in Translocations
  4981 | D:5      | Reached XP level 9. HP: 25/48 MP: 8/23
  5552 | D:5      | Found a glowing golden altar of the Shining One.
  6166 | D:6      | Found a glowing silver altar of Zin.
  6406 | D:6      | Noticed Edmund
  6665 | D:6      | Killed Edmund
  6837 | D:6      | Learned a level 5 spell: Lightning Bolt
  6859 | D:6      | Learned a level 4 spell: Airstrike
  6863 | D:6      | Learned a level 3 spell: Static Discharge
  7795 | D:7      | Reached ** piety under Sif Muna
  8206 | D:7      | Found a hazy altar of Hepliaklqana.
  8226 | D:7      | Found an opulent altar of Gozag.
  8230 | D:7      | Found a radiant altar of Vehumet.
  8233 | D:7      | Found a sparkling altar of Nemelex Xobeh.
  8293 | D:7      | Reached skill level 1 in Staves
  8310 | D:7      | Found an iron altar of Okawaru.
  8408 | D:8      | Noticed a troll
  8648 | D:7      | Got a fine plate armour
  8660 | D:7      | Identified the +1 plate armour "Qekuga" {Stlth+} (You took it off an orc on level 7 of the Dungeon)
  8769 | D:8      | Reached skill level 9 in Spellcasting
  8839 | D:8      | Noticed a two-headed ogre
  8855 | D:8      | Killed a two-headed ogre
  8855 | D:8      | Reached skill level 5 in Stealth
  8855 | D:8      | Reached XP level 10. HP: 54/54 MP: 0/25
  8997 | D:7      | Learned a level 2 spell: Swiftness
  9148 | D:8      | Noticed a two-headed ogre
  9547 | D:8      | Reached skill level 1 in Charms
  9597 | D:8      | Reached *** piety under Sif Muna
  9772 | D:8      | Killed a two-headed ogre
  9772 | D:8      | Reached skill level 5 in Conjurations
  9772 | D:8      | Reached skill level 5 in Summonings
  9906 | D:8      | Noticed a two-headed ogre
 10108 | D:8      | Killed a two-headed ogre
 10108 | D:8      | Reached skill level 5 in Dodging
 11225 | D:9      | Found Otysiqawn's Assorted Antiques.
 11615 | D:9      | Bought a scroll labeled TOHAAG KINIA for 22 gold pieces
 11615 | D:9      | Bought a scroll labeled EMPEHUSUO for 22 gold pieces
 11615 | D:9      | Bought a scroll labeled UREBLA YFRAB for 22 gold pieces
 11670 | D:10     | Entered Level 10 of the Dungeon
 13212 | D:10     | HP: 2/56 [something (10)]
 13214 | D:10     | Slain by an unseen horror

Skill      XL: |  1  2  3  4  5  6  7  8  9 10 |
---------------+-------------------------------+-----
Spellcasting   | 5 6 7 8 9 |  9.8
Hexes          | 1 2 3 4 |  4.9
Translocations | 2 4 5 |  5.0
Poison Magic   | 1 2 3 4 |  4.3
Evocations     | 1 2 3 4 |  4.2
Fire Magic     | 1 2 3 4 |  4.4
Air Magic      | 1 2 3 4 |  4.7
Dodging        | 3 4 5 |  5.4
Stealth        | 3 4 5 |  5.9
Fighting       | 1 2 3 |  3.2
Summonings     | 2 3 4 5 |  5.1
Conjurations   | 2 3 4 5 |  5.7
Invocations    | 1 2 3 |  3.7
Staves         | 1 2 |  2.6
Charms         | 2 |  2.6

Action                   |  1- 3 |  4- 6 |  7- 9 | 10-12 || total
-------------------------+-------+-------+-------+-------++-------
Melee: Unarmed           |       |    13 |    11 |       ||    24
       Dagger            |       |       |    97 |    43 ||   140
       Staff             |       |       |       |    43 ||    43
 Cast: Magic Dart        |    69 |    97 |   147 |    78 ||   391
       Conjure Flame     |     2 |     1 |    30 |    16 ||    49
       Mephitic Cloud    |     1 |     1 |    15 |     5 ||    22
       Call Imp          |       |    17 |    33 |    16 ||    66
       Slow              |       |     3 |    27 |    13 ||    43
       Blink             |       |     1 |     6 |    19 ||    26
       Lightning Bolt    |       |       |    13 |    25 ||    38
       Airstrike         |       |       |    12 |    46 ||    58
       Static Discharge  |       |       |     6 |       ||     6
       Swiftness         |       |       |       |     1 ||     1
Invok: Divine Energy     |       |       |     1 |       ||     1
 Abil: Evoke Berserk Rag |       |     1 |     6 |       ||     7
Evoke: Wand              |       |       |       |     4 ||     4
  Use: Scroll            |     3 |     5 |     8 |     6 ||    22
       Potion            |       |     4 |     8 |     6 ||    18
 Stab: Confused          |       |       |     3 |       ||     3
       Distracted        |       |       |     1 |     1 ||     2
       Sleeping          |       |       |     1 |       ||     1
  Eat: Chunk             |       |     5 |    14 |     8 ||    27
       Ration            |       |     1 |     3 |     4 ||     8
Armor: Robe              |     3 |     9 |    28 |    55 ||    95
       Skin              |       |     8 |    20 |       ||    28
Dodge: Dodged            |     9 |    26 |    71 |   119 ||   225
